 Dungeon Crawl Stone Soup version 0.17.1-2-g5865329 (webtiles) character file.

4754 Origami the Cleaver (level 10, -16/72 HPs)
             Began as a Minotaur Berserker on Feb 10, 2016.
             Was a High Priest of Trog.
             Demolished by a death knight
             ... wielding a cursed +0 halberd
              (23 damage)
             ... on level 1 of the Abyss on Feb 11, 2016.
             The game lasted 00:39:17 (7357 turns).

Origami the Cleaver (Minotaur Berserker)            Turns: 7357, Time: 00:39:19

Health: -16/72     AC:  8    Str: 25      XL:     10   Next: 23%
Magic:  8/8        EV:  5    Int:  2 (4)  God:    Trog [*****.]
Gold:   384        SH:  0    Dex:  6      Spells: 0 memorised, 9 levels left

rFire  . . .     SeeInvis .     y - +1 battleaxe
rCold  . . .     Rnd*Rage +     p - +0 chain mail {rN+}
rNeg   + . .     SustAt   .     (shield currently unavailable)
rPois  .         Gourm    .     (helmet restricted)
rElec  .         Spirit   .     j - +2 cloak
rCorr  .         Warding  .     (no gloves)
rMut   .         Stasis   .     b - +0 pair of boots (curse)
MR     .....                    (no amulet)
Stlth  ..........               (no ring)
                                n - +4 ring of strength

@: lethally poisoned (-16 -> -47), corroded equipment, non-regenerating,
diseased, not resistant to hostile enchantments, extremely unstealthy
A: retaliatory headbutt, horns 2, berserk 2, clumsy 2, deformed body,
deterioration 2, frail 2, low mp 1, screaming 1, weak 2, no device heal 1,
subdued magic 1, MP-powered wands
a: Berserk, Trog's Hand, Brothers in Arms, Burn Spellbooks, Renounce Religion


You were on level 1 of the Abyss.
You worshipped Trog.
Trog was extremely pleased with you.
You were not hungry.

You visited 1 branch of the dungeon, and saw 9 of its levels.
You visited the Abyss 1 time.

You collected 384 gold pieces.

Inventory:

Hand Weapons
 w - a +2 hand axe of electrocution
 y - a +1 battleaxe (weapon)
 B - a +1 hand axe
 G - a +1 vampiric hand axe
 L - a +4 spear of distortion
Armour
 b - a cursed +0 pair of boots (worn)
 h - a +2 leather armour of fire resistance
 j - a +2 cloak (worn)
 p - a +0 chain mail of positive energy (worn)
 H - a +0 plate armour
Jewellery
 n - a +4 ring of strength (left hand)
 u - an uncursed ring of fire {unknown}
Wands
 k - a wand of magic darts (20)
 r - a wand of flame (26)
 s - a wand of confusion (34)
 v - a wand of polymorph (12)
Scrolls
 e - 4 scrolls of teleportation
 f - a scroll of remove curse
 g - 4 scrolls of identify
 l - 2 scrolls of enchant armour
 q - a scroll of recharging
 D - a scroll of immolation {unknown}
 F - a scroll of magic mapping
 K - a scroll of vulnerability {unknown}
Potions
 a - 2 potions of lignification
 i - 2 potions of heal wounds
 o - 3 potions of magic
 t - 2 potions of might
 x - 3 potions of curing
 z - a potion of agility {unknown}
 A - a potion of berserk rage {unknown}
 E - a potion of degeneration {unknown}
Books
 I - a book of Flames

   Spells                             Type                      Level
   a - Flame Tongue                   Conjuration/Fire             1
   b - Throw Flame                    Conjuration/Fire             2
   c - Conjure Flame                  Conjuration/Fire             3
   d - Inner Flame                    Hexes/Fire                   3
   e - Sticky Flame                   Conjuration/Fire             4
   f - Fireball                       Conjuration/Fire             5
   Trog disapproves of the use of such an item.
Comestibles
 c - 6 bread rations
 d - 4 meat rations
 m - 2 beef jerkies
 C - 8 fruits
 J - 11 chunks of flesh


   Skills:
 * Level 9.3 Fighting
 * Level 11.3 Axes
 * Level 9.4 Armour
 + Level 6.5 Dodging
 - Level 1.0 Stealth


You had 9 spell levels left.
You didn't know any spells.

Dungeon Overview and Level Annotations

Branches:
Dungeon (9/15)             Temple (0/1) D:6            Lair (0/8) D:8
    Orc: D:9-12

Altars:
Ashenzari
Dithmenos
Fedhas
Kikubaaqudgha
Nemelex Xobeh
Okawaru
Qazlal
Ru
Xom
Yredelemnul

Shops:
D:8 *


Innate Abilities, Weirdness & Mutations

You reflexively headbutt those who attack you in melee.
You have a pair of horns on your head.
[You often lose your temper in combat.]
[You are very clumsy. (Dex -4)]
[Armour fits poorly on your strangely shaped body.]
[Your body often deteriorates upon taking damage.]
[You are very frail (-20% HP).]
[Your magical capacity is low (-10% MP).]
[You occasionally shout uncontrollably at your foes.]
[You are very weak. (Str -4)]
[Potions and wands are less effective at restoring your health.]
[Your spells are a little easier to cast, but a little less powerful.]
[You expend magic power (3 MP) to strengthen your wands.]


Message History

The death knight hits you from afar with a halberd!!
Your body deteriorates!
You feel dopey. The rust devil hits you. The rust devil corrodes you!
You feel ill. The soldier ant stings you!
* * * LOW HITPOINT WARNING * * *
You are more poisoned.
The soldier ant poisons you!
A deafening chorus of shrieks assaults your mind!
* * * LOW HITPOINT WARNING * * *
Your body deteriorates!
You feel dopey.
You can move again.
There is a gateway leading out of the Abyss, spattered with blood here.
* * * LOW HITPOINT WARNING * * *
You feel sick.
The death knight's dark mirror aura disappears.
The ufetubus hits you.
* * * LOW HITPOINT WARNING * * *
The ufetubus hits you but does no damage.
The death knight hits you from afar with a halberd!!
You die...

# ##..##x.##.....#
#
........X.....####
#. ...ยง...*
.X3.w.#.# # ###..
#5. #X.*....## #..#
.x##..XX5...#
........X.X.X*....#
#............*L.#
##..##..##.wa5##
#.. #..##.X4@.# ...
......p......# ..
..............##
..##..##.........#
.. #.. #.....#.#.#
... .....#### .. ..
....... . .##.....


You could see 6 starcursed masses, a tentacled starspawn, a death knight, a
lich, an ancient zyme, 2 large abominations, a rust devil, a soldier ant, a
ynoxinul, 2 starspawn tentacles, an iron imp and 2 ufetubi.

Vanquished Creatures
  An ugly thing (D:9)
  Prince Ribbit (D:7)
  A two-headed ogre (D:9)
  Eustachio (D:5)
  The ghost of Pepeogr the Digger, an amateur DrEE (D:4)
  Duvessa (D:5)
  2 black bears
  6 orc warriors
  A sky beast (D:6)
  A phantom (D:5)
  A necrophage (D:6)
  3 ogres
  An ice beast (D:5)
  3 centaurs
  Blork the orc (D:5)
  A giant frog (D:5)
  2 big kobolds
  2 scorpions
  Dowan (D:5)
  3 wights (D:6)
  3 hounds
  3 crimson imps
  A wasp zombie (D:7)
  A jelly (D:9)
  8 orc priests
  3 iguanas
  15 orc wizards
  6 worker ants
  A hound skeleton (D:4)
  4 gnolls (D:7)
  9 adders
  A shadow imp (D:8)
  A white imp (D:7)
  2 oozes
  3 worms
  3 adder skeletons
  5 giant geckos
  45 orcs
  7 bats
  7 giant cockroaches
  7 goblins
  4 hobgoblins
  4 jackals (D:6)
  3 quokkas
  2 ball pythons
  2 giant gecko skeletons
  A giant newt (D:3)
  11 kobolds
  6 rats
202 creatures vanquished.

Vanquished Creatures (others)
  2 starspawn tentacle segments (Abyss:1)
2 creatures vanquished.

Grand Total: 204 creatures vanquished

Notes
Turn   | Place    | Note
--------------------------------------------------------------
     0 | D:1      | Origami the Minotaur Berserker began the quest for the Orb.
     0 | D:1      | Reached XP level 1. HP: 19/19 MP: 0/0
   194 | D:1      | Reached skill level 4 in Fighting
   194 | D:1      | Reached XP level 2. HP: 27/27 MP: 1/1
   340 | D:1      | Reached * piety under Trog
   701 | D:2      | Reached XP level 3. HP: 29/34 MP: 2/2
  1098 | D:2      | Reached XP level 4. HP: 41/41 MP: 3/3
  1556 | D:3      | Reached ** piety under Trog
  1779 | D:3      | Noticed a water elemental
  1781 | D:3      | Found a stormy altar of Qazlal.
  2010 | D:3      | Reached skill level 1 in Stealth
  2052 | D:3      | Noticed a fire elemental
  2052 | D:3      | Noticed an air elemental
  2113 | D:4      | Reached XP level 5. HP: 45/47 MP: 4/4
  2210 | D:4      | Reached skill level 5 in Axes
  2233 | D:4      | Noticed an orc warrior
  2250 | D:4      | Killed an orc warrior
  2250 | D:4      | Reached skill level 5 in Fighting
  2250 | D:4      | Reached XP level 6. HP: 29/56 MP: 5/5
  2311 | D:4      | Noticed Pepeogr's ghost (amateur DrEE)
  2448 | D:4      | Found a sacrificial altar of Ru.
  2610 | D:4      | Killed Pepeogr's ghost
  2610 | D:4      | Reached skill level 6 in Axes
  2610 | D:4      | Reached XP level 7. HP: 61/61 MP: 6/6
  2614 | D:4      | Noticed an ogre
  2661 | D:4      | Killed an ogre
  2661 | D:4      | Reached skill level 5 in Dodging
  3568 | D:5      | Entered Level 5 of the Dungeon
  3679 | D:5      | Noticed Blork the orc
  3683 | D:5      | Killed Blork the orc
  3683 | D:5      | Reached skill level 7 in Axes
  3683 | D:5      | Reached skill level 5 in Armour
  3798 | D:5      | Noticed Eustachio
  3800 | D:5      | Found an iron altar of Okawaru.
  3805 | D:5      | Killed Eustachio
  3805 | D:5      | Reached XP level 8. HP: 67/71 MP: 7/7
  3906 | D:5      | Noticed Dowan
  3906 | D:5      | Noticed Duvessa
  3922 | D:5      | Killed Dowan
  3923 | D:5      | Killed Duvessa
  4110 | D:5      | Reached skill level 8 in Axes
  4137 | D:5      | Reached *** piety under Trog
  4145 | D:5      | Found a blossoming altar of Fedhas.
  4148 | D:5      | Found a shattered altar of Ashenzari.
  4151 | D:5      | Found an ancient bone altar of Kikubaaqudgha.
  4377 | D:6      | Found a shimmering altar of Xom.
  4859 | D:6      | Reached XP level 9. HP: 73/80 MP: 8/8
  4887 | D:6      | Reached skill level 9 in Axes
  4912 | D:6      | Found a staircase to the Ecumenical Temple.
  5145 | D:6      | Found a sparkling altar of Nemelex Xobeh.
  5306 | D:6      | Found a basalt altar of Yredelemnul.
  5491 | D:7      | Reached **** piety under Trog
  5612 | D:7      | Noticed Prince Ribbit
  5614 | D:7      | Killed Prince Ribbit
  5614 | D:7      | Reached skill level 10 in Axes
  5943 | D:7      | HP: 4/82 [poisoned by an orc warrior]
  5951 | D:7      | HP: 4/82 [poisoned by an orc warrior]
  5959 | D:7      | HP: 4/82 [poisoned by an orc warrior]
  6560 | D:8      | Found a staircase to the Lair.
  6669 | D:8      | Found Eliurchifui's General Store.
  6840 | D:8      | Reached ***** piety under Trog
  6889 | D:8      | Found a shadowy altar of Dithmenos.
  7041 | D:9      | Noticed a cyan ugly thing
  7049 | D:9      | Killed a cyan ugly thing
  7049 | D:9      | Reached skill level 11 in Axes
  7049 | D:9      | Reached XP level 10. HP: 91/91 MP: 9/9
  7191 | D:9      | Received a gift from Trog
  7249 | D:9      | Cast into the Abyss (a distortion unwield)
  7324 | Abyss:1  | Noticed a wretched star
  7345 | Abyss:1  | Noticed a rust devil
  7348 | Abyss:1  | Noticed a tentacled starspawn
  7348 | Abyss:1  | Noticed a lich
  7348 | Abyss:1  | Noticed a starcursed mass
  7350 | Abyss:1  | Noticed a death knight
  7355 | Abyss:1  | Paralysed by a lich for 2 turns
  7357 | Abyss:1  | Demolished by a death knight

Action                   |  1- 3 |  4- 6 |  7- 9 | 10-12 || total
-------------------------+-------+-------+-------+-------++-------
Melee: Hand axe          |    78 |    68 |    43 |       ||   189
       War axe           |       |    29 |     2 |       ||    31
       Battleaxe         |       |       |   216 |    24 ||   240
Invok: Berserk           |       |     2 |     5 |     1 ||     8
       Trog's Hand       |       |     1 |     2 |       ||     3
  Use: Scroll            |     7 |     2 |    11 |       ||    20
       Potion            |       |     5 |     2 |       ||     7
 Stab: Sleeping          |     1 |       |       |       ||     1
  Eat: Chunk             |     1 |     6 |    13 |     2 ||    22
       Pizza             |       |       |     1 |       ||     1
       Meat ration       |       |       |     1 |       ||     1
       Fruit             |       |       |       |     1 ||     1
